 Dungeon Crawl Stone Soup version 0.30.1-11-g7821555f0a (webtiles) character file.

Game seed: 16272061119803155412

5061 Otso the Shooter (level 10, -8/81 HPs)
             Began as a Pale Draconian Hunter on Nov 24, 2023.
             Was a Priest of Nemelex Xobeh.
             Mangled by an orc warlord
             ... wielding a +5 battleaxe
              (19 damage)
             ... in a bailey.
             The game lasted 00:37:29 (8095 turns).

Otso the Shooter (Pale Draconian Hunter)            Turns: 8095, Time: 00:37:29

Health: -8/81      AC: 10    Str: 12    XL:     10   Next: 31%
Magic:  15/15      EV: 14    Int: 19    God:    Nemelex Xobeh [***...]
Gold:   548        SH:  0    Dex: 14    Spells: 11/15 levels left

rFire   . . .        q - +10 whip of Alutomau {heavy, rElec rN++ Str-3}
rCold   . . .        (no shield)
rNeg    + + .        (body armour unavailable)
rPois   .            (helmet restricted)
rElec   +            (no cloak)
rCorr   .            k - +2 pair of gloves
SInv    .            (no boots)
Will    .....        c - amulet of the acrobat
Stlth   ++           o - +6 ring of intelligence
HPRegen 0.33/turn    (no ring)
MPRegen 0.14/turn

%: acrobat
@: short of breath
A: breathe steam, AC +7, unfitting armour, cold-blooded, steam resistance
a: Breathe Steam, Renounce Religion, Draw Escape, Draw Destruction, Draw
Summoning, Triple Draw


You were in a bailey.
You worshipped Nemelex Xobeh.
Nemelex Xobeh was most pleased with you.
You visited 2 branches of the dungeon, and saw 11 of its levels.
You also visited: Bailey.

You collected 548 gold pieces.

Inventory:

Hand Weapons
 a - a +0 shortbow
 q - the +10 whip of Alutomau (weapon) {heavy, rElec rN++ Str-3}
   (You found it on level 3 of the Dungeon)

   Str:       It affects your strength (-3).
   rElec:     It insulates you from electricity.
   rN:        It greatly protects you from negative energy.
Missiles
 y - 2 boomerangs (quivered)
Armour
 k - a +2 pair of gloves (worn)
Jewellery
 c - an amulet of the acrobat (around neck)
 o - a +6 ring of intelligence (left hand)
Wands
 i - a wand of iceblast (6)
 r - a wand of flame (11)
Scrolls
 b - a scroll of enchant weapon {unknown}
 h - 3 scrolls of enchant armour
 j - a scroll of brand weapon {unknown}
 l - 2 scrolls of fog {unknown}
 t - a scroll of noise {unknown}
 v - a scroll of magic mapping {unknown}
 D - a scroll of summoning {unknown}
Potions
 d - 3 potions of cancellation {unknown}
 e - 3 potions of berserk rage {unknown}
 f - 4 potions of brilliance
 g - 5 potions of flight
 m - a potion of lignification {unknown}
 n - a potion of magic {unknown}
 p - 2 potions of mutation {unknown}
 s - a potion of ambrosia {unknown}
 w - 3 potions of haste {unknown}
 x - 2 potions of might {unknown}
 z - a potion of invisibility {unknown}
 B - 2 potions of curing


   Skills:
 * Level 5.0 Fighting
 * Level 4.0 Short Blades
 * Level 4.0 Maces & Flails
 * Level 6.7 Ranged Weapons
 * Level 3.5 Throwing
 * Level 4.9 Dodging
 * Level 3.9 Stealth
 * Level 3.3 Spellcasting
 * Level 3.7 Conjurations
 * Level 3.0 Hexes
 * Level 2.2 Translocations
 * Level 3.8 Air Magic
 * Level 3.2 Invocations
 * Level 2.6 Evocations


You had 11 spell levels left.
You knew the following spells:

 Your Spells              Type           Power      Damage    Failure   Level
a - Shock                 Conj/Air       68%        1d7       3%          1
b - Tukima's Dance        Hex            14%        N/A       13%         3

Your spell library contained the following spells:

 Spells                   Type           Power      Damage    Failure   Level
 Portal Projectile        Hex/Tloc       26%        N/A       16%         3
 Manifold Assault         Tloc           11%        N/A       50%         4
 Silence                  Hex/Air        8%         N/A       69%         5
 Ice Form                 Ice/Tmut       3%         N/A       82%         4
 Metabolic Englaciation   Hex/Ice        4%         N/A       91%         5
 Blade Hands              Tmut           1%         N/A       99%         5
 Dispersal                Tloc           5%         N/A       100%        6
 Disjunction              Tloc           5%         N/A       100%        8


Dungeon Overview and Level Annotations

Branches:
Dungeon (10/15)            Temple (1/1) D:5          Bailey (1/1)
   Lair: D:8-11         Orc: D:9-12

Altars:
Ashenzari
Cheibriados
Elyvilon
Fedhas
Gozag
Hepliaklqana
Makhleb
Nemelex Xobeh
Okawaru
Sif Muna
Trog
Uskayaw
Vehumet
Wu Jian
Xom
Yredelemnul
Zin
The Shining One

Annotations:
D:7 Dowan, Duvessa
D:10 Gastronok


Innate Abilities, Weirdness & Mutations

You can breathe blasts of scalding, opaque steam.
Your pale cyan-grey scales are hard. (AC +7)
You cannot fit into any form of body armour.
You are cold-blooded and may be slowed by cold attacks.
You are immune to the effects of steam.


Message History

The ball of steam hits the orc warlord but does no damage.
The orc warlord is lightly wounded.
The hobgoblin hits you but does no damage.
The orc warlord is engulfed in a cloud of scalding steam.
The orc warlord closely misses you. The hobgoblin attacks as you move away!
The hobgoblin misses you.
The orc warlord is engulfed in a cloud of scalding steam.
There is an open door here.
The orc warlord attacks as you move away!
The orc warlord hits you with a +5 battleaxe!
The orc warlord is engulfed in a cloud of scalding steam.
Items here: )) [[ ÷.
You completely miss the hobgoblin. The hobgoblin barely misses you.
The orc warlord roars a battlecry!
You hear a shout!
You hit the hobgoblin.
The hobgoblin is almost dead.
The hobgoblin hits you with a +0 war axe!
You closely miss the hobgoblin.
The hobgoblin is almost dead.
The hobgoblin closely misses you.
You whack the hobgoblin!
You kill the hobgoblin!
The orc warlord hits you with a +5 battleaxe!
Casting: Tukima's Dance (dangerous; 13% risk of failure)
Confirm with . or Enter, or press ? or * to list all spells.
Okay, then.
You draw a card...
You have drawn Wild Magic.
The orc warlord is briefly tinged with green.
The orc warlord is poisoned.
The orc warrior is blasted with air!
You feel a surge of magic.
You feel your power returning.
The orc warlord hits you with a +5 battleaxe!!
* * * LOW HITPOINT WARNING * * *
The orc warrior shouts!
Okay, then.
Okay, then.
You draw a card...
You have drawn the Tomb.
Walls emerge from the floor!
The orc warlord hits you with a +5 battleaxe!!
You die...
Your body disappears without a glow.

####### ##..∩..##
#.......#
##.......##
#.........#
##.........##
#######.....⌠.....#
##...####......§..##
#....#@o)o[)......+
##....#####.......##
#.........#.......#
##.........##88)88##
#.....⌠.....###'###
##.........## ...#
#.........# .)....
##.......##..o....#
#..))...#.........


You could see an orc warlord (poisoned) and an orc warrior (strong).

Vanquished Creatures
  Urug (D:10)
  The ghost of pkoi the Stinger, an amateur DrVM (D:3)
  4 yaks (D:9)
  A steam dragon (D:9)
  5 orc warriors
  A black bear (D:5)
  An ice beast (D:5)
  2 centaurs
  3 ogres
  2 scorpions
  14 killer bees
  3 howler monkeys (D:9)
  2 jellies
  A gnoll bouda (D:4)
  3 orc priests
  Ijyb (D:4)
  A hound (D:4)
  3 sleepcaps
  Jessica (D:2)
  5 iguanas
  10 orc wizards
  23 gnolls
  A river rat (D:3)
  5 adders
  3 worms
  2 dart slugs (D:4)
  19 orcs
  17 ball pythons
  4 endoplasms
  2 giant cockroaches
  17 goblins
  11 hobgoblins
  2 jackals (D:4)
  13 kobolds
  3 quokkas
  5 bats
  7 frilled lizards
  6 rats
205 creatures vanquished.

Vanquished Creatures (collateral kills)
  An orc knight (Bailey)
  An orc warrior (Bailey)
  A gnoll (Bailey)
3 creatures vanquished.

Vanquished Creatures (others)
  A dancing weapon (Bailey)
  A gnoll (D:10)
2 creatures vanquished.

Grand Total: 210 creatures vanquished

Notes
Turn   | Place    | Note
-------+----------+-------------------------------------------
     0 | D:1      | Otso the Draconian Hunter began the quest for the Orb.
     0 | D:1      | Reached XP level 1. HP: 17/17 MP: 1/1
   131 | D:1      | Reached skill level 1 in Stealth
   223 | D:1      | Reached XP level 2. HP: 24/24 MP: 2/2
   262 | D:2      | Reached skill level 4 in Ranged Weapons
   274 | D:2      | Noticed Jessica
   285 | D:2      | Killed Jessica
   286 | D:2      | Reached XP level 3. HP: 25/30 MP: 3/3
   503 | D:3      | Got the Commentary on Gusty Rime
   508 | D:3      | Learned a level 1 spell: Shock
   737 | D:3      | Found a runed translucent door.
   745 | D:3      | Noticed pkoi's ghost (amateur DrVM)
   859 | D:3      | Identified the +10 whip of Alutomau {heavy, rElec rN++
                  | Str-3}
   876 | D:3      | Reached XP level 4. HP: 36/37 MP: 4/4
  1078 | D:4      | Noticed Ijyb
  1099 | D:4      | Killed Ijyb
  1203 | D:4      | Found an ornate altar of the Wu Jian Council.
  1224 | D:4      | Reached skill level 1 in Short Blades
  1236 | D:4      | Reached XP level 5. HP: 38/42 MP: 6/6
  1266 | D:5      | Entered Level 5 of the Dungeon
  1322 | D:5      | Reached skill level 5 in Ranged Weapons
  1322 | D:5      | Reached skill level 1 in Spellcasting
  1344 | D:5      | Reached skill level 1 in Maces & Flails
  1344 | D:5      | Reached skill level 1 in Air Magic
  1484 | D:5      | Reached skill level 1 in Conjurations
  1492 | D:5      | Learned a level 3 spell: Tukima's Dance
  1497 | D:5      | Found a staircase to the Ecumenical Temple.
  1510 | Temple   | Entered the Ecumenical Temple
  1855 | Temple   | Became a worshipper of Nemelex Xobeh the Trickster
  1891 | D:5      | Reached XP level 6. HP: 50/50 MP: 7/7
  1915 | D:5      | Noticed an ice beast
  1926 | D:5      | Killed an ice beast
  2107 | D:5      | Your scales start taking on a pale cyan-grey colour.
  2107 | D:5      | Reached XP level 7. HP: 51/57 MP: 5/9
  2107 | D:5      | Gained mutation: You are immune to the effects of steam.
                  | [Pale Draconian growth]
  2304 | D:5      | Reached skill level 1 in Hexes
  2680 | D:4      | You fall into a shaft and drop 2 floors!
  2695 | D:6      | Reached * piety under Nemelex Xobeh
  2942 | D:4      | Found a glowing silver altar of Zin.
  3032 | D:4      | Reached XP level 8. HP: 66/66 MP: 10/10
  3120 | D:4      | Found a large runed translucent door.
  3128 | D:4      | Found a large runed translucent door.
  3128 | D:4      | Received a gift from Nemelex Xobeh
  3142 | D:4      | Reached skill level 6 in Ranged Weapons
  3165 | D:4      | Found an opulent altar of Gozag.
  3172 | D:4      | Found a blossoming altar of Fedhas.
  3668 | D:3      | Killed pkoi's ghost
  3669 | D:3      | Reached skill level 1 in Invocations
  4047 | D:3      | Found a runed translucent door.
  4174 | D:2      | Reached skill level 1 in Throwing
  4648 | D:2      | Found a faded altar of an unknown god.
  4831 | D:1      | Reached ** piety under Nemelex Xobeh
  5022 | D:1      | Received a gift from Nemelex Xobeh
  5521 | D:3      | Learned a level 3 spell: Portal Projectile
  5648 | D:7      | Noticed Duvessa
  5648 | D:7      | Noticed Dowan
  5784 | D:8      | Received a gift from Nemelex Xobeh
  6206 | D:9      | Reached *** piety under Nemelex Xobeh
  6247 | D:9      | Reached XP level 9. HP: 64/71 MP: 9/12
  6250 | D:9      | Reached skill level 1 in Evocations
  6252 | D:9      | Reached skill level 1 in Translocations
  7327 | D:10     | Entered Level 10 of the Dungeon
  7327 | D:10     | Noticed Gastronok
  7329 | D:10     | Noticed Urug
  7344 | D:10     | Killed Urug
  7345 | D:10     | Reached XP level 10. HP: 50/80 MP: 14/14
  7394 | D:10     | Found a flagged portal.
  7399 | Bailey   | Entered a bailey
  7768 | Bailey   | Noticed an orc knight
  7793 | Bailey   | Killed an orc knight
  7794 | Bailey   | Reached skill level 5 in Fighting
  8038 | Bailey   | Noticed an orc warlord
  8095 | Bailey   | Mangled by an orc warlord

Illustrated notes

Levels and vault maps discovered:
D:1:      scummos_arrival_forest, layout_loops_corners, minmay_pentomino_t4
D:2:      minmay_spotlight, layout_rooms, chequers_ecumenical_altar_lobes,
          uniq_jessica
D:3:      layout_basic, ebering_ghost_sewer_f
D:4:      layout_basic, mainiacjoe_overflow_catwalk_spiral,
          jmf_multi_god_temple2, serial_glass, glass_columns_a, glass_columns_a,
          uniq_ijyb
D:5:      layout_rooms, minmay_temple_entry_drinking_statues
D:6:      layout_cave_pools, kiku_gazebo_garden_becter, nicolae_grassy_gnolls
D:7:      layout_loops_ring, chequers_temple_overflow_minitemple,
          kennysheep_small_circle, uniq_pikel, uniq_prince_ribbit1,
          uniq_duvessa, uniq_maggie
D:8:      layout_basic, uniq_joseph
D:9:      layout_roguey
D:10:     layout_loops_ring, grunt_lair_entry_orc_guard_hut, enter_bailey_2,
          uniq_urug, uniq_gastronok
Temple:   minmay_temple_curvy_branch
Bailey:   bailey_axe_minmay_hex_keep, bailey

Skill      XL: |  1  2  3  4  5  6  7  8  9 10 |
---------------+-------------------------------+-----
Stealth        | 1 2 3 |  3.9
Ranged Weapons | 4 5 6 |  6.7
Dodging        | 2 3 4 |  4.9
Short Blades   | 1 2 3 4 |  4.0
Spellcasting   | 1 2 3 |  3.3
Maces & Flails | 1 2 3 4 |  4.0
Air Magic      | 1 2 3 |  3.8
Conjurations   | 1 2 3 |  3.7
Fighting       | 3 4 5 |  5.0
Hexes          | 1 2 3 |  3.0
Invocations    | 1 3 |  3.2
Throwing       | 2 3 |  3.5
Evocations     | 2 |  2.6
Translocations | 2 |  2.2

Action                     |  1- 3 |  4- 6 |  7- 9 | 10-12 || total
---------------------------+-------+-------+-------+-------++-------
  Melee: Short sword       |    29 |       |       |       ||    29
         Tailslap          |     5 |     3 |    11 |     4 ||    23
         Whip              |     3 |    41 |   100 |    43 ||   187
         Punch             |       |       |       |     1 ||     1
   Fire: Shortbow          |    40 |    44 |    40 |       ||   124
  Throw: Boomerang         |       |       |    76 |     6 ||    82
   Cast: Shock             |       |    11 |    15 |       ||    26
         Tukima's Dance    |       |       |     5 |     2 ||     7
         Portal Projectile |       |       |     2 |       ||     2
 Invoke: Draw Destruction  |       |       |     9 |     1 ||    10
         Draw Summoning    |       |       |       |     2 ||     2
         Draw Escape       |       |       |       |     1 ||     1
Ability: Breathe Steam     |       |       |    35 |     9 ||    44
  Evoke: Wand              |       |       |     4 |     2 ||     6
    Use: Scroll            |     3 |     1 |     5 |     5 ||    14
         Potion            |       |     3 |     3 |     2 ||     8
   Stab: Sleeping          |       |       |     2 |       ||     2
         Distracted        |       |       |       |     1 ||     1
 Armour: Skin              |    15 |    23 |    81 |    23 ||   142
  Dodge: Dodged            |    32 |    37 |   159 |    91 ||   319
